 Dungeon Crawl Stone Soup version 0.30-a0-936-ge0d47acfc0 (webtiles) character file.

Game seed: 9278618179127138841

564 max the Chopper (level 7, -9/61 HPs)
             Began as a Minotaur Berserker on Mar 24, 2023.
             Was a Priest of Trog.
             Mangled by an ogre
             ... wielding a +0 giant club
              (12 damage)
             ... on level 5 of the Dungeon.
             The game lasted 00:13:39 (4213 turns).

max the Chopper (Minotaur Berserker)                Turns: 4213, Time: 00:13:39

Health: -9/61      AC: 15    Str: 23    XL:     7   Next: 10%
Magic:  6/6        EV:  9    Int:  4    God:    Trog [***...]
Gold:   172        SH:  7    Dex: 10    Spells: 6/6 levels left

rFire   + . .      SeeInvis +    a - +0 hand axe
rCold   + . .      Faith    .    i - +3 warlock's mirror {omnireflect}
rNeg    + . .      Spirit   .    n - +0 chain mail
rPois   .          Reflect  +    (helmet restricted)
rElec   .          Rampage  .    w - +2 cloak
rCorr   .                        t - +0 pair of gloves
Will    .....                    v - +0 pair of boots "Kedghoes" {rC+ rN+} Stlth
                                 (no amulet)
HPRegen 0.30/turn                g - ring of protection from fire
MPRegen 0.10/turn                y - ring of see invisible

@: no status effects
A: horns 2, retaliatory headbutt
a: Renounce Religion, Berserk, Trog's Hand


You were on level 5 of the Dungeon.
You worshipped Trog.
Trog was most pleased with you.
You visited 2 branches of the dungeon, and saw 6 of its levels.

You collected 172 gold pieces.

Inventory:

Hand Weapons
 a - a +0 hand axe (weapon)
 b - the +5 sling of the Hills {antimagic, rC+ Int+7}
   (You found it on level 5 of the Dungeon)

   Int:       It affects your intelligence (+7).
   rC:        It protects you from cold.
Missiles
 e - 15 poisoned darts (quivered)
 o - 40 stones
Armour
 i - the +3 warlock's mirror (worn) {omnireflect}
   (You acquired it on level 4 of the Dungeon)

   Omnireflect: It can block and reflect piercing ranged attacks and magical
   attacks against the wielder's willpower.
 n - a +0 chain mail (worn)
 t - a +0 pair of gloves (worn)
 v - the +0 pair of boots "Kedghoes" (worn) {rC+ rN+}
   (You acquired it on level 4 of the Dungeon)

   rC:        It protects you from cold.
   rN:        It protects you from negative energy.
 w - a +2 cloak (worn)
 D - a +0 animal skin
Jewellery
 g - a ring of protection from fire (left hand)
 y - a ring of see invisible (right hand)
Wands
 p - a wand of digging (1)
Scrolls
 c - a scroll of poison {unknown}
 h - a scroll of enchant armour {unknown}
 j - 2 scrolls of enchant weapon {unknown}
 q - a scroll of fog {unknown}
 s - a scroll of teleportation {unknown}
 u - a scroll of magic mapping {unknown}
 B - a scroll of noise {unknown}
Potions
 d - 5 potions of might
 f - 6 potions of curing
 k - a potion of magic {unknown}
 l - 5 potions of heal wounds
 m - 2 potions of flight
 r - 2 potions of attraction {unknown}
 x - a potion of resistance {unknown}
 z - a potion of ambrosia {unknown}
 A - 2 potions of degeneration {unknown}
 C - a potion of berserk rage {unknown}


   Skills:
 + Level 5.5 Fighting
 + Level 5.5 Axes
 + Level 4.8 Armour
 + Level 4.3 Dodging
 * Level 3.0 Shields


You had 6 spell levels left.
You didn't know any spells.
Your spell library was empty.

Dungeon Overview and Level Annotations

Branches:
Dungeon (5/15)             Temple (1/1) D:4

Altars:
Dithmenos
Elyvilon
Hepliaklqana
Kikubaaqudgha
Nemelex Xobeh
Qazlal
Ru
Sif Muna
Uskayaw
Wu Jian
The Shining One


Innate Abilities, Weirdness & Mutations

You have a pair of horns on your head.
You reflexively headbutt those who attack you in melee.


Message History

Unknown command.
You hit the ogre but do no damage. You hit the white imp but do no damage.
The white imp hits you but does no damage.
The ogre hits you with a +0 giant club!!
You take 27 damage, and have 34/61 hp.
MASSIVE DAMAGE!!
You hit the ogre but do no damage. You barely miss the white imp.
The white imp hits you but does no damage.
You block the ogre's attack.
You hit the ogre but do no damage. You completely miss the white imp.
The white imp hits you but does no damage.
Unknown command.
Unknown command.
You hit the ogre. You closely miss the white imp.
The white imp closely misses you. You furiously retaliate!
You headbutt the white imp! The ogre hits you with a +0 giant club!
You take 13 damage, and have 22/61 hp.
MASSIVE DAMAGE!!
You are too injured to fight recklessly!
Unknown command.
You are too injured to fight recklessly!
Unknown command.
You are too injured to fight recklessly!
Unknown command.
You are too injured to fight recklessly!
Unknown command.
You are too injured to fight recklessly!
You hit the white imp.
You kill the white imp!
Trog accepts your kill.
You closely miss the ogre. You block the ogre's attack.
You hit the ogre. The ogre barely misses you.
You hit the ogre. You barely miss the ogre.
The ogre hits you with a +0 giant club!!
* * * LOW HITPOINT WARNING * * *
You take 21 damage, and have 2/61 hp.
MASSIVE DAMAGE!!
The ogre attacks as you move away! The ogre hits you with a +0 giant club!
You die...

###.....##.......................
....######.####.#########.#######
##### ##.####+#### #.#
#########..#.......# #.#
##........##...)...## ...
#.........+.........+ ...
.........##.........## #.###
.........#...........# #+
.........###....@O.###
.........#.#'#...#'#
........##...#####...#
#.......+......# ..)..+
##.....##......#......#
##.##.#.......#.......#
#.##.#.......+...[...#
#...|#.......#.......# #
##...##......#......##


You could see an ogre.

Vanquished Creatures
  A scorpion (D:5)
  A howler monkey (D:5)
  2 hounds
  A sleepcap (D:5)
  Jessica (D:2)
  Crazy Yiuf (D:4)
  Terence (D:3)
  Natasha (thrice) (D:2)
  2 iguanas
  5 gnolls
  4 adders
  A white imp (D:5)
  4 dart slugs
  4 worms
  An orc (D:4)
  8 bats
  3 endoplasms (D:1)
  6 giant cockroaches
  5 goblins
  6 hobgoblins
  5 jackals
  4 quokkas
  3 ball pythons
  4 frilled lizards
  9 kobolds
  3 rats
88 creatures vanquished.

Vanquished Creatures (others)
  A rat (D:1)
1 creature vanquished.

Grand Total: 89 creatures vanquished

Notes
Turn   | Place    | Note
-------+----------+-------------------------------------------
     0 | D:1      | max the Minotaur Berserker began the quest for the Orb.
     0 | D:1      | Reached XP level 1. HP: 19/19 MP: 0/0
   178 | D:1      | Reached XP level 2. HP: 27/27 MP: 1/1
   331 | D:1      | Reached XP level 3. HP: 9/33 MP: 2/2
   568 | D:1      | Reached ** piety under Trog
  1024 | D:2      | Found an ancient bone altar of Kikubaaqudgha.
  1212 | D:2      | Noticed Natasha
  1224 | D:2      | Killed Natasha
  1225 | D:2      | Reached XP level 4. HP: 30/41 MP: 3/3
  1380 | D:2      | Noticed Jessica
  1387 | D:2      | Killed Jessica
  1411 | D:2      | Noticed Natasha
  1418 | D:2      | Killed Natasha
  1462 | D:2      | Reached XP level 5. HP: 46/47 MP: 4/4
  1475 | D:2      | Noticed Natasha
  1487 | D:2      | Killed Natasha
  2207 | D:3      | Reached skill level 5 in Fighting
  2267 | D:3      | Reached skill level 5 in Axes
  2429 | D:3      | Noticed Terence
  2435 | D:3      | Killed Terence
  2540 | D:4      | Identified 2 scrolls of acquirement
  2541 | D:4      | Acquired the +0 pair of boots "Kedghoes" {rC+ rN+}
  2543 | D:4      | Acquired the +3 warlock's mirror {omnireflect}
  2543 | D:4      | Found the +3 warlock's mirror {omnireflect}
  2557 | D:4      | Found an ancient bone altar of Kikubaaqudgha.
  2621 | D:4      | Found a stormy altar of Qazlal.
  2689 | D:4      | Reached XP level 6. HP: 56/56 MP: 5/5
  2692 | D:4      | Found a staircase to the Ecumenical Temple.
  2701 | Temple   | Entered the Ecumenical Temple
  3305 | D:4      | Found a runed translucent door.
  3306 | D:4      | Noticed Crazy Yiuf
  3317 | D:4      | Killed Crazy Yiuf
  3318 | D:4      | Reached skill level 1 in Shields
  3401 | D:4      | Identified the +5 short sword of Inference {flame, *Slow
                  | rCorr Int+2}
  3536 | D:4      | Reached *** piety under Trog
  3540 | D:4      | Found a glowing golden altar of the Shining One.
  3666 | D:5      | Entered Level 5 of the Dungeon
  3784 | D:5      | Found a shimmering blue altar of Sif Muna.
  4107 | D:5      | Reached XP level 7. HP: 55/61 MP: 6/6
  4110 | D:5      | Identified the +5 sling of the Hills {antimagic, rC+ Int+7}
  4210 | D:5      | HP: 2/61 [ogre/+0 giant club (21)]
  4213 | D:5      | Mangled by an ogre

Illustrated notes

Levels and vault maps discovered:
D:1:      lightli_arrival_chessboard, layout_loops_ring, minmay_fountain_box,
          chequers_serial_rivers_micro_d, chequers_serial_rivers_room_a,
          minmay_tiny_reverse_x
D:2:      layout_basic, basic_altar, uniq_natasha, uniq_jessica
D:3:      layout_basic, uniq_terence
D:4:      layout_basic, grunt_qazlal_clouds, kiku_gazebo_pond_becter,
          nicolae_tso_swordbearing_angel, temple_hall, minmay_misc_feat_five,
          uniq_crazy_yiuf_cottage
D:5:      nicolae_cairo_tiling_very_big, layout_rooms,
          nicolae_overflow_crystal_walls
Temple:   nicolae_temple_ecumenical_triangle

Skill      XL: |  1  2  3  4  5  6  7 |
---------------+----------------------+-----
Fighting       | 4 5 |  5.5
Axes           | 4 5 |  5.5
Armour         | 3 4 |  4.8
Dodging        | 3 4 |  4.3
Shields        | 2 3 |  3.0

Action                     |  1- 3 |  4- 6 |  7- 9 || total
---------------------------+-------+-------+-------++-------
  Melee: Hand axe          |    89 |   156 |    15 ||   260
         Headbutt          |    13 |    24 |     2 ||    39
 Invoke: Berserk           |       |     1 |       ||     1
    Use: Scroll            |       |     6 |       ||     6
   Stab: Sleeping          |     1 |       |       ||     1
 Armour: Animal skin       |    14 |       |       ||    14
         Chain mail        |    29 |    76 |     7 ||   112
  Dodge: Dodged            |    46 |    55 |     3 ||   104
  Block: Buckler           |       |    23 |     2 ||    25
         Reflection        |       |     1 |       ||     1

Table legend: (Time is in decaauts)
 A = Elapsed time spent in this place.
 B = Non-inter-level travel time spent in this place.
 C = Inter-level travel time spent in this place.
 D = Time resting spent in this place.
 E = Time spent auto-exploring this place.
 F = Levels seen in this place.
 G = Mean time per level.
                   A        B        C        D        E       F      G
               +--------+--------+--------+--------+--------+-----+--------+
         Total |   4249 |   4158 |     91 |    312 |   1458 |   6 |  708.2 |
       Dungeon |   4188 |   4101 |     87 |    312 |   1458 |   5 |  837.6 |
        Temple |     60 |     56 |      4 |      0 |      0 |   1 |   60.0 |
               +--------+--------+--------+--------+--------+-----+--------+

Top non-repeatable levels by time:
     D:4: 1080 daAuts
     D:2: 1063 daAuts
     D:1: 824 daAuts
     D:3: 669 daAuts
     D:5: 550 daAuts
  Temple: 60 daAuts
